 Dungeon Crawl Stone Soup version 0.30-a0-986-g7f2e898f52 (webtiles) character file.

Game seed: 7102090798537827250

6112 Zonian the Grappler (level 10, -10/59 HPs)
             Began as a Vine Stalker Gladiator on Apr 1, 2023.
             Was a Priest of Ashenzari.
             Mangled by an orc warrior
             ... wielding a +2 halberd of venom
              (18 damage)
             ... on level 9 of the Dungeon.
             The game lasted 00:18:51 (7495 turns).

Zonian the Grappler (Vine Stalker Gladiator)        Turns: 7495, Time: 00:18:52

Health: -10/59     AC:  9    Str: 21    XL:     10   Next: 89%
Magic:  0/11       EV: 13    Int:  8    God:    Ashenzari [***...]
Gold:   436        SH:  4    Dex: 16    Spells: 9/9 levels left

rFire   . . .      SeeInvis +      - Unarmed
rCold   + . .      Faith    .    O - +0 buckler
rNeg    . . .      Spirit   +    u - +0 ring mail of the Cryptic Firmament {Bglg, Fort} (curse)
rPois   .          Reflect  .    h - +2 helmet of the Unyielding Gaze {Fort, Melee} (curse)
rElec   .          Rampage  .    (no cloak)
rCorr   .          Clarity  +    L - +0 pair of gloves "Behold Eternity" {Cun, Alch} (curse)
Will    ++...                    (no boots)
Stlth   +                        (no amulet)
HPRegen 1.09/turn                n - ring "Shattered Inconvenience" {Will+, Evo, Cun} (curse)
MPRegen 0.12/turn                B - ring "Malaise of Ashenzari" {rC+, Evo, Comp} (curse)

@: studying Throwing
A: fangs 3, regeneration 1, magic shield, antimagic bite, no potion heal 2
a: Renounce Religion, Curse Item, Shatter the Chains


You were on level 9 of the Dungeon.
You worshipped Ashenzari.
Ashenzari was most pleased with you.
You visited 2 branches of the dungeon, and saw 10 of its levels.

You collected 541 gold pieces.
You spent 105 gold pieces at shops.

Inventory:

Missiles
 c - 2 throwing nets (quivered)
 k - 15 poisoned darts
 w - 9 atropa-tipped darts
 A - 4 boomerangs of dispersal
 D - 9 boomerangs
 N - a curare-tipped dart
Armour
 a - a +0 leather armour
 h - the cursed +2 helmet of the Unyielding Gaze (worn) {Fort, Melee}
   (You found it on level 1 of the Dungeon)

   It has a curse which improves the following skills: Fortitude: Armour and
   Shields.
   Melee Combat: Short Blades, Long Blades, Axes, Maces & Flails, Polearms,
   Staves and Unarmed Combat.
 u - the cursed +0 ring mail of the Cryptic Firmament (worn) {Bglg, Fort}
   (You took it off Ijyb on level 2 of the Dungeon)

   It has a curse which improves the following skills: Beguiling: Conjurations,
   Hexes and Translocations.
   Fortitude: Armour and Shields.
 L - the cursed +0 pair of gloves "Behold Eternity" (worn) {Cun, Alch}
   (You found it on level 7 of the Dungeon)

   It has a curse which improves the following skills: Cunning: Dodging and
   Stealth.
   Alchemy:   Poison Magic and Transmutations.
 O - a +0 buckler (worn)
Jewellery
 b - a ring of wizardry
 n - the cursed ring "Shattered Inconvenience" (left hand) {Will+, Evo, Cun}
   (You found it on level 2 of the Dungeon)

   [ring of willpower]

   Will:      It increases your willpower.
   It has a curse which improves the following skills: Evocations: Evocations.
   Cunning:   Dodging and Stealth.
 y - a +6 ring of intelligence
 B - the cursed ring "Malaise of Ashenzari" (right hand) {rC+, Evo, Comp}
   (You found it on level 4 of the Dungeon)

   [ring of protection from cold]

   rC:        It protects you from cold.
   It has a curse which improves the following skills: Evocations: Evocations.
   Companions: Summonings and Necromancy.
Wands
 r - a wand of acid (6)
 C - a wand of iceblast (28)
 F - a wand of mindburst (5)
Scrolls
 e - 4 scrolls of fog
 j - a scroll of vulnerability
 l - 2 scrolls of silence
 m - 8 scrolls of identify
 o - 2 scrolls of immolation
 s - 2 scrolls of poison
 v - 3 scrolls of blinking
 G - a scroll of amnesia
 J - a scroll of fear
 M - a scroll of brand weapon
 P - a scroll of teleportation
Potions
 d - a potion of mutation
 f - 2 potions of attraction
 g - 5 potions of curing
 i - 2 potions of flight
 p - 2 potions of ambrosia
 q - 2 potions of invisibility
 t - 3 potions of haste
 x - a potion of cancellation
 z - 2 potions of lignification
 E - a potion of heal wounds
 H - a potion of might
 I - a potion of berserk rage
 K - a potion of brilliance


   Skills:
 + Level 10.0 Fighting
 + Level 6.2 Throwing
 - Level 3.2(5.1) Dodging
 + Level 11.1(12.6) Unarmed Combat


You had 9 spell levels left.
You didn't know any spells.
Your spell library contained the following spells:

 Spells                   Type           Power      Damage    Failure   Level
 Apportation              Tloc           0%         N/A       67%         1
 Necrotise                Necr           0%         1d4       67%         1
 Summon Small Mammal      Summ           0%         N/A       67%         1
 Freeze                   Ice            0%         1d3       69%         1
 Ensorcelled Hibernation  Hex/Ice        0%         N/A       82%         2
 Passwall                 Tmut/Erth      0%         N/A       82%         2
 Call Canine Familiar     Summ           0%         N/A       95%         3
 Dazzling Flash           Conj/Hex       0%         N/A       95%         3
 Gell's Gravitas          Tloc           0%         N/A       95%         3
 Portal Projectile        Hex/Tloc       0%         N/A       95%         3
 Summon Guardian Golem    Hex/Summ       0%         N/A       95%         3
 Teleport Other           Tloc           0%         N/A       95%         3
 Tukima's Dance           Hex            0%         N/A       95%         3
 Frozen Ramparts          Ice            0%         1d1       96%         3
 Hailstorm                Conj/Ice       0%         3d3       96%         3
 Kindle Blastsparks       Fire/Tloc/Air  0%         2d10      96%         3
 Swiftness                Air            0%         N/A       96%         3
 Fulminant Prism          Conj/Hex       0%         3d5       100%        4
 Iskenderun's Mystic Bla  Conj/Tloc      0%         2d3       100%        4
 Alistair's Intoxication  Tmut/Pois      0%         N/A       100%        5
 Blade Hands              Tmut           0%         N/A       100%        5
 Borgnjor's Vile Clutch   Necr/Erth      0%         N/A       100%        5
 Lee's Rapid Deconstruct  Erth           0%         3d4*      100%        5
 Summon Forest            Summ/Tloc      0%         N/A       100%        5
 Summon Mana Viper        Hex/Summ       0%         N/A       100%        5
 Dispersal                Tloc           0%         N/A       100%        6
 Eringya's Noxious Bog    Tmut/Pois      0%         N/A       100%        6
 Starburst                Conj/Fire      0%         6d3       100%        6
 Summon Cactus Giant      Summ           0%         N/A       100%        6


Dungeon Overview and Level Annotations

Branches:
Dungeon (9/15)             Temple (1/1) D:4             Orc (0/2) D:9
   Lair: D:8-11

Altars:
Ashenzari
Cheibriados
Dithmenos
Elyvilon
Fedhas
Gozag
Hepliaklqana
Kikubaaqudgha
Makhleb
Nemelex Xobeh
Okawaru
Qazlal
Ru
Sif Muna
Trog
Uskayaw
Vehumet
Wu Jian
Xom
Yredelemnul
Zin
The Shining One

Shops:
D:1 !   D:4 *   D:7 [

Annotations:
D:4 1 runed translucent door, Crazy Yiuf


Innate Abilities, Weirdness & Mutations

You have razor-sharp teeth.
Your natural rate of healing is unusually fast.
When hurt, damage is shared between your health and your magic reserves.
Your bite disrupts and absorbs the magic of your enemies.
Potions cannot restore your health.


Message History

You pummel the orc!!
You kill the orc!
You block the orc warrior's attack.
You hit the orc warrior but do no damage.
You block the orc's attack. The orc warrior closely misses you.
You hit the orc warrior but do no damage.
You bite the orc warrior. You drain its power.
The orc warrior is lightly wounded.
The orc barely misses you.
The orc warrior hits you with a +2 halberd of venom!
You closely miss the orc warrior.
You bite the orc warrior, but do no damage.
The orc warrior is lightly wounded.
The orc closely misses you. You block the orc warrior's attack.
You punch the orc warrior! Your bite misses the orc warrior.
The orc warrior is heavily wounded.
The orc misses you. The orc warrior closely misses you.
You barely miss the orc warrior.
The orc warrior is heavily wounded.
You barely miss the orc warrior. Your bite misses the orc warrior.
The orc warrior is heavily wounded.
You block the orc's attack. The orc warrior closely misses you.
You hit the orc warrior. Your bite misses the orc warrior.
The orc warrior is heavily wounded.
The orc hits you but does no damage. The orc warrior closely misses you.
You hit the orc warrior but do no damage.
You bite the orc warrior, but do no damage.
The orc warrior is heavily wounded.
The orc hits you but does no damage.
The orc warrior hits you with a +2 halberd of venom!
You closely miss the orc warrior. Your bite misses the orc warrior.
The orc warrior is heavily wounded.
The orc hits you but does no damage.
The orc warrior hits you with a +2 halberd of venom!!
* * * LOW HITPOINT WARNING * * *
You hit the orc warrior but do no damage.
The orc warrior is heavily wounded.
The orc misses you.
The orc warrior hits you with a +2 halberd of venom!!
You die...

* o ,* * *# .* , *, * .#.
#.* * ** #.# #.# ,.,**
**, , , #.# #.#*.> * , ,
#.# #.##.. ,
#######.###.#'#* '#### *
*
....))).##...#####...#...
,
.######)##.8.ooo@..8...#*
, , .#
#.)).).#####...#... ##
##)##.## *#### * * *
#.)..# * ### ###### *
...* ##.* * * , , * * ,,
,, ,


You could see an orc warrior and 2 orcs.

Vanquished Creatures
  A troll (D:8)
  A komodo dragon (D:7)
  A hornet (D:7)
  13 yaks
  A wyvern (D:8)
  Eustachio (D:4)
  A water moccasin (D:6)
  2 orc warriors
  2 ice beasts
  4 black bears
  3 ogres
  3 phantoms (D:6)
  3 kobold brigands
  2 bullfrogs (D:7)
  3 scorpions
  8 killer bees (D:8)
  6 hounds
  3 jellies
  5 orc priests
  A sleepcap (D:6)
  Ijyb (D:2)
  5 iguanas
  7 orc wizards
  20 adders
  2 shadow imps (D:5)
  2 white imps
  2 ufetubi (D:5)
  2 worms (D:4)
  5 dart slugs
  39 orcs
  5 bats
  9 endoplasms
  6 giant cockroaches
  10 hobgoblins
  4 jackals (D:1)
  3 quokkas
  6 ball pythons
  3 frilled lizards
  14 goblins
  15 kobolds
  2 rats
226 creatures vanquished.

Notes
Turn   | Place    | Note
-------+----------+-------------------------------------------
     0 | D:1      | Zonian the Vine Stalker Gladiator began the quest for the
                  | Orb.
     0 | D:1      | Reached XP level 1. HP: 11/11 MP: 2/2
    70 | D:1      | Reached XP level 2. HP: 14/15 MP: 3/3
   247 | D:1      | Reached XP level 3. HP: 18/18 MP: 4/4
   304 | D:1      | Found Ytzucvud's Distillery.
   312 | D:1      | Bought a potion of curing for 33 gold pieces
   538 | D:1      | Found a faded altar of an unknown god.
   704 | D:2      | Gained mutation: Your natural rate of healing is unusually
                  | fast. [Vine Stalker growth]
   704 | D:2      | Reached XP level 4. HP: 21/23 MP: 5/5
  1042 | D:2      | Noticed Ijyb
  1088 | D:2      | Killed Ijyb
  1409 | D:3      | Reached XP level 5. HP: 27/27 MP: 6/6
  2020 | D:4      | Reached skill level 4 in Unarmed Combat
  2079 | D:4      | Found a staircase to the Ecumenical Temple.
  2109 | Temple   | Entered the Ecumenical Temple
  2301 | Temple   | Became a worshipper of Ashenzari the Shackled
  2329 | D:4      | Noticed a black bear
  2339 | D:4      | Killed a black bear
  2340 | D:4      | Reached XP level 6. HP: 24/33 MP: 7/7
  2356 | D:4      | Found a shimmering altar of Xom.
  2356 | D:4      | Found a basalt altar of Yredelemnul.
  2373 | D:4      | Found a runed translucent door.
  2374 | D:4      | Noticed Crazy Yiuf
  2579 | D:4      | Noticed Eustachio
  2602 | D:4      | Killed Eustachio
  2603 | D:4      | Reached skill level 5 in Unarmed Combat
  2603 | D:4      | Reached XP level 7. HP: 37/38 MP: 6/8
  2648 | D:4      | Found an ancient bone altar of Kikubaaqudgha.
  2824 | D:4      | Found Biudaiq's Fire Supplies.
  3075 | D:5      | Entered Level 5 of the Dungeon
  3235 | D:5      | Reached skill level 5 in Fighting
  3235 | D:5      | Reached skill level 6 in Unarmed Combat
  3267 | D:5      | Identified the +0 leather armour of Distant Shores {Drain
                  | Regen+ Str+3 Slay-3}
  3286 | D:5      | Gained mutation: You have razor-sharp teeth. [Vine Stalker
                  | growth]
  3286 | D:5      | Reached XP level 8. HP: 35/44 MP: 7/9
  3810 | D:5      | Reached skill level 7 in Unarmed Combat
  3942 | D:5      | Reached * piety under Ashenzari
  4518 | D:6      | Reached ** piety under Ashenzari
  4663 | D:6      | Reached skill level 8 in Unarmed Combat
  4701 | D:6      | Reached XP level 9. HP: 50/50 MP: 8/10
  5587 | D:7      | Noticed a hornet
  5646 | D:7      | Reached skill level 9 in Unarmed Combat
  5680 | D:7      | Killed a hornet
  5748 | D:7      | Noticed a komodo dragon
  5760 | D:7      | Killed a komodo dragon
  5765 | D:7      | Reached *** piety under Ashenzari
  5810 | D:7      | Found Ziyzoh's Armour Shop.
  5813 | D:7      | Bought a +0 buckler for 72 gold pieces
  6082 | D:8      | Noticed a troll
  6207 | D:8      | Reached skill level 10 in Unarmed Combat
  6207 | D:8      | Reached XP level 10. HP: 53/58 MP: 8/11
  6235 | D:8      | Found a hide-covered altar of Uskayaw.
  6781 | D:8      | Identified the +1 leather armour "Tyrchy" {rCorr Str-5
                  | Dex+2}
  6825 | D:8      | Reached skill level 5 in Throwing
  6929 | D:8      | Reached skill level 11 in Unarmed Combat
  7178 | D:8      | Found an iron altar of Okawaru.
  7446 | D:9      | Reached skill level 10 in Fighting
  7446 | D:9      | Found a staircase to the Orcish Mines.
  7495 | D:9      | Mangled by an orc warrior

Illustrated notes

Levels and vault maps discovered:
D:1:      spicycebolla_arrival_xxxplode, layout_rooms,
          dreamdust_ecumenical_altar_angels_and_demons, serial_shops, shop
D:2:      kennysheep_the_goblin_king, layout_rooms
D:3:      layout_loops_cross
D:4:      layout_cave_pools, mainiacjoe_overflow_surrounded_room,
          gammafunk_temple_overflow_statue, minmay_temple_entry_large_hall,
          kennysheep_cluttered_room, nicolae_shop_fire_sale
          [nicolae_sub_dead_trees], minmay_fractal_squares_gapless_5,
          uniq_crazy_yiuf_cottage, uniq_eustachio
D:5:      cheibrodos_thug_alley, layout_cave_pods, serial_bayou_ford_a,
          st_stairs_9, grunt_decor_cap, minmay_chambers_of_fives
D:6:      wad_crossroads, layout_basic, nicolae_half_adder
D:7:      layout_gridville, serial_shops, nicolae_shop_behind_doors
D:8:      layout_rooms, amcnicky_altar_gilded, kennysheep_okawaru_gauntlet,
          hangedman_abyss_or_decor_clamps, abandoned_shop
D:9:      layout_loops_corners, lair_entry_dummy, hiddenorc2_lemuel
Temple:   nicolae_temple_bog_church

Skill      XL: |  1  2  3  4  5  6  7  8  9 10 |
---------------+-------------------------------+-----
Fighting       | 2 3 4 5 7 9 10 | 10.0
Throwing       | 2 6 |  6.2
Dodging        | 3 |  3.2
Unarmed Combat | 4 5 6 8 10 11 | 11.1

Action                     |  1- 3 |  4- 6 |  7- 9 | 10-12 || total
---------------------------+-------+-------+-------+-------++-------
  Melee: Unarmed           |   105 |   193 |   312 |   170 ||   780
         Bite              |    28 |    48 |    97 |    68 ||   241
         Punch             |     5 |     4 |    11 |       ||    20
  Throw: Dart              |       |     5 |     6 |     4 ||    15
         Javelin           |       |       |     2 |       ||     2
         Boomerang         |       |       |     1 |     1 ||     2
         Throwing net      |       |       |       |     1 ||     1
 Invoke: Curse Item        |       |       |     5 |       ||     5
  Evoke: Wand              |       |     3 |     8 |     1 ||    12
    Use: Scroll            |       |       |     2 |       ||     2
         Potion            |       |       |       |     1 ||     1
   Stab: Sleeping          |     1 |     1 |       |       ||     2
 Armour: Leather armour    |    33 |    37 |       |       ||    70
         Ring mail         |       |    38 |    90 |    34 ||   162
  Dodge: Dodged            |    61 |   119 |   180 |    90 ||   450
  Block: Buckler           |       |       |     7 |    27 ||    34

Table legend: (Time is in decaauts)
 A = Elapsed time spent in this place.
 B = Non-inter-level travel time spent in this place.
 C = Inter-level travel time spent in this place.
 D = Time resting spent in this place.
 E = Time spent auto-exploring this place.
 F = Levels seen in this place.
 G = Mean time per level.
                   A        B        C        D        E       F      G
               +--------+--------+--------+--------+--------+-----+--------+
         Total |   7419 |   7066 |    353 |    525 |   4650 |  10 |  741.9 |
       Dungeon |   7197 |   6862 |    335 |    525 |   4472 |   9 |  799.7 |
        Temple |    222 |    204 |     18 |      0 |    178 |   1 |  222.0 |
               +--------+--------+--------+--------+--------+-----+--------+

Top non-repeatable levels by time:
     D:5: 1164 daAuts
     D:6: 1151 daAuts
     D:8: 1008 daAuts
     D:4: 893 daAuts
     D:7: 745 daAuts
     D:2: 728 daAuts
     D:1: 620 daAuts
     D:3: 597 daAuts
     D:9: 286 daAuts
  Temple: 222 daAuts
